 Dungeon Crawl Stone Soup version 0.27.0-1-g7a089689b8 (webtiles) character file.

Game seed: 8485093287799315970

63 horus123 the Ogre Mage (level 4, -2/41 HPs)
             Began as an Ogre Hedge Wizard on Aug 16, 2021.
             Slain by a gnoll (7 damage)
             ... on level 2 of the Dungeon.
             The game lasted 00:02:22 (1624 turns).

horus123 the Ogre Mage (Ogre Hedge Wizard)          Turns: 1624, Time: 00:02:23

Health: -2/41      AC:  3    Str: 14    XL:     4   Next: 9%
Magic:  8/10       EV: 10    Int: 16    God:
Gold:   53         SH:  0    Dex:  8    Spells: 9/12 levels left

rFire    . . .     SeeInvis .   k - +0 short sword
rCold    . . .     Faith    .   (no shield)
rNeg     . . .     Spirit   .   b - +0 robe
rPois    .         Reflect  .   c - +0 hat
rElec    .         Harm     .   (no cloak)
rCorr    .         Rampage  .   (gloves unavailable)
Will     .....                  (boots unavailable)
Stlth    +.........             (no amulet)
HPRegen  0.13/turn              (no ring)
MPRegen  0.12/turn              (no ring)

@: no status effects
A: large, unfitting armour, tough skin 1
a: no special abilities


You were on level 2 of the Dungeon.
You visited 1 branch of the dungeon, and saw 2 of its levels.

You collected 53 gold pieces.

Inventory:

Hand Weapons
 a - a +0 dagger
 k - a +0 short sword (weapon)
Missiles
 g - 8 javelins
Armour
 b - a +0 robe (worn)
 c - a +0 hat (worn)
Jewellery
 f - a ring of positive energy
Scrolls
 e - a scroll of magic mapping {unknown}
 h - 2 scrolls of identify {unknown}
 i - a scroll of fog {unknown}
 l - a scroll of immolation {unknown}
Potions
 d - a potion of degeneration {unknown}
 j - a potion of flight {unknown}


   Skills:
 + Level 1.2 Fighting
 + Level 0.2 Short Blades
 + Level 2.3 Dodging
 + Level 1.6 Stealth
 + Level 4.5 Spellcasting
 + Level 1.3 Conjurations
 + Level 0.8 Summonings
 + Level 0.8 Translocations


You had 9 spell levels left.
You knew the following spells:

 Your Spells              Type           Power      Damage    Failure   Level
a - Magic Dart            Conj           32%        1d4       9%          1
b - Call Imp              Summ           6%         N/A       17%         2

Your spell library contained the following spells:

 Spells                   Type           Power      Damage    Failure   Level
 Blink                    Tloc           N/A        N/A       17%         2
 Slow                     Hex            3%         N/A       24%         2
 Conjure Flame            Conj/Fire      5%         6-21      36%         3
 Mephitic Cloud           Conj/Pois/Air  5%         N/A       36%         3


Dungeon Overview and Level Annotations

Branches:
Dungeon (2/15)

Altars:

Shops:
D:2 =


Innate Abilities, Weirdness & Mutations

You are too large for most types of armour.
You have tough skin. (AC +1)


Message History

A gnoll comes into view. It is wielding a +0 spear.
The gnoll shouts!
A gnoll comes into view. It is wielding a +0 spear.
The gnoll shouts!
The gnoll hits you with a +0 spear.
You hit the gnoll but do no damage. The gnoll hits you with a +0 spear.
You barely miss the gnoll. The gnoll hits you with a +0 spear.
You barely miss the gnoll. The gnoll hits you with a +0 spear!
You hit the gnoll.
The gnoll is lightly wounded.
The gnoll closely misses you.
You hit the gnoll.
The gnoll is lightly wounded.
The gnoll closely misses you.
You hit the gnoll.
The gnoll is heavily wounded.
The gnoll hits you with a +0 spear.
You are too injured to fight recklessly!
You are too injured to fight recklessly!
You are too injured to fight recklessly!
You are too injured to fight recklessly!
You are too injured to fight recklessly!
You are too injured to fight recklessly!
Aiming: Magic Dart (safe; 9% risk of failure)
Press: ? - help, Q - select action, (/) - cycle Shift-Dir - straight line, f - gnoll
Aim: a gnoll, wielding a +0 spear (heavily wounded, 100% to hit)
The magic dart hits the gnoll but does no damage.
The gnoll is heavily wounded.
The gnoll hits you with a +0 spear.
* * * LOW HITPOINT WARNING * * *
The gnoll closely misses you.
The gnoll hits you from afar with a +0 spear.
* * * LOW HITPOINT WARNING * * *
Aiming: Magic Dart (safe; 9% risk of failure)
Press: ? - help, Q - select action, (/) - cycle Shift-Dir - straight line, f/p - gnoll
Aim: a gnoll, wielding a +0 spear (heavily wounded, 100% to hit)
The magic dart hits the gnoll.
The gnoll is severely wounded.
The gnoll hits you with a +0 spear!
You die...

##.# .# #..#
.#####.## #.#
....#..# #.#
.......# #.#
##...†## #.#
####..## #.#
######## ##..##
#.# #......#
##..# #.###@g#
##.###.#...#gP.#
#.(.....g## .P#
#####.###.P....P
.# ..... .PP....#
#..##
.......#.g..Pg.#
....#
#......#...P...P.
....#
########........
....# P...PP.


You could see 3 gnolls.

Vanquished Creatures
  Jessica (D:2)
  A worm (D:2)
  4 dart slugs (D:1)
  6 bats
  A giant cockroach (D:1)
  A goblin (D:1)
  3 hobgoblins
  2 jackals (D:1)
  A quokka (D:2)
  A ball python (D:1)
  A frilled lizard (D:1)
  2 kobolds
  2 rats
26 creatures vanquished.

Vanquished Creatures (others)
  A demonic plant (D:2)
  A withered plant (D:2)
2 creatures vanquished.

Grand Total: 28 creatures vanquished

Notes
Turn   | Place    | Note
-------+----------+-------------------------------------------
     0 | D:1      | horus123 the Ogre Hedge Wizard began the quest for the Orb.
     0 | D:1      | Reached XP level 1. HP: 16/16 MP: 5/5
   389 | D:1      | Reached skill level 1 in Fighting
   389 | D:1      | Reached XP level 2. HP: 27/27 MP: 1/6
   583 | D:1      | Reached skill level 4 in Spellcasting
   589 | D:1      | Reached skill level 1 in Conjurations
   976 | D:1      | Reached XP level 3. HP: 32/33 MP: 8/8
  1035 | D:2      | Noticed Jessica
  1039 | D:2      | Killed Jessica
  1061 | D:2      | Learned a level 2 spell: Call Imp
  1267 | D:2      | Reached XP level 4. HP: 41/41 MP: 3/10
  1337 | D:2      | Found Qall's Jewellery Emporium.
  1624 | D:2      | Slain by a gnoll

Illustrated notes

Levels and vault maps discovered:
D:1:      minmay_arrival_pointy, layout_basic
D:2:      layout_rooms, serial_curves, eino_curves_03, eino_curves_02,
          eino_curves_04, eino_curves_01, shapermc_ecumenical_altar_gd,
          serial_shops, shop, st_stairs_8, uniq_jessica

Skill      XL: |  1  2 |
---------------+-------+-----
Fighting       | 1 |  1.2
Dodging        | 2 |  2.3
Spellcasting   | 4 |  4.5
Conjurations   | 1 |  1.3
Short Blades   | |  0.2
Stealth        | |  1.6
Summonings     | |  0.8
Translocations | |  0.8

Action                   |  1- 3 |  4- 6 || total
-------------------------+-------+-------++-------
Melee: Dagger            |    44 |       ||    44
       Short sword       |       |    14 ||    14
 Cast: Magic Dart        |    54 |    17 ||    71
 Stab: Sleeping          |     1 |       ||     1
Armor: Robe              |    30 |       ||    30
Dodge: Dodged            |    34 |     5 ||    39
